Cogmind - Beta 13 @@@ ROGUE MODE // 2024.04.08 @ 00:55:00 Player: Miwa Result: Self-destructed Performance ------------- Evolutions (1) 500 Regions Visited (2) 400 Robots Destroyed (12) 60 Value Destroyed (199) 199 Prototype IDs (1) 20 Alien Tech Used (0) 0 Bonus (0) 0 TOTAL SCORE: 1179 Bonus ------- None Cogmind --------- Core Integrity 303/400 Matter 295/300 Energy 280/280 System Corruption 0% Temperature Cool (8) Movement Hovering (120) Ox1 Location -9/Materials Parts ------- > --- POWER (2) -------- Heavy Ion Engine > --- PROPULSION (3) --- Hover Unit > --- UTILITY (2) ------ Visual Processing Unit > --- WEAPON (2) ------- (None) > --- INVENTORY (5) ---- Ion Engine Heavy Ion Engine Improved Targeting Computer Beam Cannon Peak State ------------ > --- POWER ------------ Ion Engine Improved Ion Engine > --- PROPULSION ------- Hover Unit Improved Hover Unit Flight Unit > --- UTILITY ---------- Weight Redist. System Visual Processing Unit > --- WEAPON ----------- Small Laser Beam Cannon > --- INVENTORY -------- Ion Engine Improved Treads Hover Unit Improved Targeting Computer Assault Rifle [Rating: 13] Favorites ----------- Power Ion Engine Engine Ion Engine Propulsion Hover Unit Treads Light Treads Hover Unit Hover Unit Flight Unit Flight Unit Utility Visual Processing Unit Device Heat Sink Storage Small Storage Unit Processor Visual Processing Unit Weapon Small Laser Energy Gun Small Laser Energy Cannon Beam Cannon Ballistic Gun Assault Rifle Special Weapon Plasma Cutter Build | -11 -10 -9 ------- Run | Yrd Mat Mat Slots Evolved 2 | . . 2 Power 1 | . . 1 Propulsion 1 | . . 1 Utility . | . . . Weapon . | . . . Parts Attached 30 | 6 5 19 Power 5 | 1 . 4 Engine 5 | 1 . 4 Core . | . . . Reactor . | . . . Propulsion 13 | 2 2 9 Treads 4 | 2 . 2 Leg . | . . . Wheel . | . . . Hover 8 | . 2 6 Flight 1 | . . 1 Utility 5 | 1 3 1 Device 3 | . 2 1 Storage 1 | 1 . . Processor 1 | . 1 . Hackware . | . . . Protection . | . . . Artifact . | . . . Weapon 7 | 2 . 5 Energy Gun 1 | 1 . . Energy Cannon 2 | . . 2 Ballistic Gun 2 | 1 . 1 Ballistic Cannon . | . . . Launcher . | . . . Special Weapon 2 | . . 2 Impact Weapon . | . . . Slashing Weapon . | . . . Piercing Weapon . | . . . Special Melee Weapon . | . . . Unidentified Prototypes 1 | . . 1 Parts Lost 5 | . . 5 Power . | . . . Propulsion 2 | . . 2 Utility 1 | . . 1 Weapon 2 | . . 2 Highest Loss Streak 3 | . . 3 To Critical Strikes . | . . . Average Slot Usage (%) 87 | . 98 77 Engine 14 | . 14 14 Treads 9 | . 18 1 Hover 14 | . 9 19 Flight 1 | . . 2 Device 9 | . 10 8 Storage 4 | . 9 . Processor 8 | . 6 11 Energy Gun 11 | . 14 8 Energy Cannon 3 | . . 7 Ballistic Gun 8 | . 14 3 Naked Turns . | . . . Heaviest Build 16 | 13 14 16 Greatest Support 40 | 40 40 20 Greatest Overweight (x) 2 | . . 2 Average Overweight (x) . | . . . Largest Inventory Capacity 8 | 8 8 5 Average Capacity 6 | 7 6 5 Most Carried 8 | 5 8 5 Average Carried 4 | 2 4 4 Final Capacity 8 | 8 5 5 Final Carried 5 | 3 5 4 Class Distribution -------------------- 100% | Mutant Dominant Class ---------------- Mutant | -10/Materials Mutant | -9/Materials Resources | -11 -10 -9 ----------- Run | Yrd Mat Mat Matter Collected 511 | 275 58 178 Remotely . | . . . Salvage Created 432 | 103 95 234 Parts 34 | 10 8 16 Haulers Intercepted 1 | . 1 . Recyclers Shooed . | . . . Parts Field Recycled . | . . . Retrieved Matter . | . . . Parts Self-Destructed . | . . . Prevented . | . . . Kills | -11 -10 -9 ------- Run | Yrd Mat Mat Combat Hostiles Destroyed 3 | . . 3 Guns 3 | . . 3 Classes Destroyed 6 | 2 2 2 Worker 3 | 2 . 1 Builder 1 | . . 1 Hauler 1 | . 1 . Recycler 1 | 1 . . Watcher 3 | . 2 1 Sentry 3 | . . 3 Best Kill Streak 3 | 2 1 3 Combat Bots Only 1 | . . 1 Max Kills in Single Turn 1 | 1 1 1 Gunslinging . | . . . Exploded . | . . . Melee . | . . . Uniques/NPCs Destroyed . | . . . Combat | -11 -10 -9 -------- Run | Yrd Mat Mat Hostile Shots Fired 38 | . . 38 Missed 8 | . . 8 Damage Taken 423 | . . 423 Core 97 | . . 97 Absorbed by Shields . | . . . Core Remaining (%) 100 | 100 100 . Volleys Fired 30 | 5 7 18 Largest 2 | 2 2 2 Hottest 100 | 60 60 100 Shots Fired 60 | 10 14 36 Gun 40 | 10 14 16 Cannon 16 | . . 16 Launcher . | . . . Special 4 | . . 4 Kinetic 12 | 5 7 . Thermal 48 | 5 7 36 Explosive . | . . . Electromagnetic . | . . . Robot Hit Streak 19 | 6 10 19 Robot Miss Streak 2 | 2 1 2 Penetration Max . | . . . Secondary Targets . | . . . Shots Hit Robots 44 | 6 11 27 Core Hits 19 | 4 4 11 Critical Kills . | . . . Critical Parts Destroyed . | . . . Critical Strikes . | . . . Melee Attacks . | . . . Impact . | . . . Slashing . | . . . Piercing . | . . . Sneak Attacks . | . . . Combat Hostiles . | . . . Follow-up Attacks . | . . . Damage Inflicted 576 | 89 121 366 Guns 360 | 89 121 150 Cannons 173 | . . 173 Explosions . | . . . Melee . | . . . Ramming . | . . . Kinetic 81 | 33 48 . Thermal 495 | 56 73 366 Explosive . | . . . Electromagnetic . | . . . Impact . | . . . Slashing . | . . . Piercing . | . . . Highest Corruption . | . . . Average Corruption . | . . . Corruption Purged . | . . . Corruption Blocked . | . . . Overload Shots . | . . . Overflow Damage . | . . . Projectiles . | . . . Explosions . | . . . Melee . | . . . Knockbacks . | . . . Impact . | . . . Kinetic . | . . . Secondary . | . . . Self-Inflicted Damage . | . . . Shots . | . . . Rammed . | . . . Targets Rammed . | . . . Kicked . | . . . Crushed . | . . . Highest Temperature 474 | . . 474 Average Temperature 167 | . . 167 Received Heat Transfer 180 | . . 180 Effects 8 | . . 8 Shutdowns 4 | . . 4 Energy Bleed 1 | . . 1 Interference 3 | . . 3 Siege Activations . | . . . Robots Corrupted . | . . . Combat Hostiles . | . . . Parts Fried . | . . . Impact Corruptions . | . . . Robots Melted . | . . . Combat Hostiles . | . . . Parts Melted 4 | . . 4 Heat Transferred 1143 | 125 175 843 Parts Sabotaged . | . . . Parts Stolen . | . . . Parts Stripped . | . . . Power Chain Reactions . | . . . Alert | -11 -10 -9 ------- Run | Yrd Mat Mat Peak Influence 243 | 15 83 243 Initial 34 | . 9 34 Average 69 | 2 41 119 Maximum Alert Level 1 | . . 1 Low Security (%) 89 | 100 100 75 Level 1 10 | . . 24 Level 2 . | . . . Level 3 . | . . . Level 4 . | . . . Level 5 . | . . . High Security . | . . . Max Security . | . . . Squads Dispatched 2 | . . 2 Investigation . | . . . Extermination . | . . . Reinforcement 2 | . . 2 Assault . | . . . Garrison . | . . . Intercept . | . . . Searches Triggered . | . . . Construction Impeded . | . . . Haulers Reinforced . | . . . Active Scanning Responses . | . . . Cargo Convoy Interrupts . | . . . Stealth | -11 -10 -9 --------- Run | Yrd Mat Mat Distress Signals 3 | . . 3 Communications Jammed . | . . . Distress Signals . | . . . Times Spotted 18 | . 3 15 Peak Tracking Total 7 | . 1 7 Tactical Retreats 2 | . . 2 Traps | -11 -10 -9 ------- Run | Yrd Mat Mat Traps Triggered 1 | . . 1 Indirectly . | . . . Trap Hack Attempts . | . . . Triggered . | . . . Disarmed . | . . . Reprogrammed . | . . . Reused . | . . . Traps Extracted . | . . . Installed . | . . . Triggered . | . . . Machines | -11 -10 -9 ---------- Run | Yrd Mat Mat Machines Disabled . | . . . Max in Single Turn . | . . . Machines Repaired . | . . . Machines Dismantled . | . . . Machines Sabotaged . | . . . Overloaded Fab Kills . | . . . Hacking | -11 -10 -9 --------- Run | Yrd Mat Mat Machines Accessed 5 | . 2 3 Terminals 3 | . 2 1 Fabricators . | . . . Repair Stations . | . . . Recycling Units . | . . . Scanalyzers 2 | . . 2 Garrison Access . | . . . Total Hacks 13 | . 7 6 Successful 6 | . 3 3 Failed 7 | . 4 3 Catastrophic 1 | . 1 . Database Lockouts . | . . . Manual 2 | . 2 . Terminals 9 | . 7 2 Fabricators . | . . . Repair Stations . | . . . Recycling Units . | . . . Scanalyzers 4 | . . 4 Garrison Access . | . . . Terminal Hacks 4 | . 3 1 Record 2 | . 1 1 Branch Access Points 1 | . 1 . Alert Level 1 | . 1 . Fabricator Hacks . | . . . Repair Station Hacks . | . . . Recycling Unit Hacks . | . . . Scanalyzer 2 | . . 2 Insert Component 1 | . . 1 Analyze 1 | . . 1 Garrison Access Hacks . | . . . Unauthorized Hacks . | . . . Terminals . | . . . Fabricators . | . . . Repair Stations . | . . . Recycling Units . | . . . Scanalyzers . | . . . Garrison Access . | . . . Data Cores Recovered . | . . . Used . | . . . Hacking Detections 5 | . 2 3 Full Trace Events . | . . . Feedback Events . | . . . Feedback Blocked . | . . . Robot Schematics Acquired . | . . . Robots Built . | . . . Authchips . | . . . Time . | . . . Total Robot Build Rating . | . . . Part Schematics Acquired 1 | . . 1 Parts Built . | . . . Authchips . | . . . Time . | . . . Total Part Build Rating . | . . . Parts Repaired . | . . . Time . | . . . Parts Recycled . | . . . Recycled Matter . | . . . Retrieved Matter . | . . . Retrieved Components . | . . . Parts Scanalyzed 1 | . . 1 Part Schematics Acquired 1 | . . 1 Parts Damaged . | . . . Bothacking | -11 -10 -9 ------------ Run | Yrd Mat Mat Used RIF Installer . | . . . Robots Hacked . | . . . Non-combat . | . . . Combat . | . . . Robot Hacks Applied . | . . . Relay Couplers Released . | . . . Fabnet Peak Effective % . | . . . Robots Rewired . | . . . Allies Hacked . | . . . Hacks Repelled . | . . . Allies | -11 -10 -9 -------- Run | Yrd Mat Mat Total Allies . | . . . Largest Group . | . . . Highest-Rated Group . | . . . Highest-Rated Ally . | . . . Total Orders . | . . . Ally Attacks . | . . . Total Damage . | . . . Kills . | . . . Allies Corrupted . | . . . Allies Melted . | . . . Intel | -11 -10 -9 ------- Run | Yrd Mat Mat Robot Analysis Total . | . . . Derelict Logs Recovered . | . . . Drone Launches . | . . . Drone Recoveries . | . . . Exploration | -11 -10 -9 ------------- Run | Yrd Mat Mat Turns Passed 812 | 122 336 354 Spaces Moved 704 | 64 262 378 Core 12 | 12 . . Treads 172 | 52 118 2 Legs . | . . . Wheels . | . . . Hover 520 | . 144 376 Flight . | . . . Fastest Speed 50 | 50 56 52 Average Speed 82 | 139 102 58 Slowest Speed 200 | 160 160 200 Overloaded Moves . | . . . Propulsion Burnouts . | . . . Robots Hopped . | . . . Cave-ins Triggered . | . . . Exploration Rate (%) 29 | 5 49 33 Regions Visited 2 Branch Regions . Pre-discovered Areas . | . . . Known Exits Taken . | . . . Unknown Exits Taken 2 | 1 1 . Scrap Searched . | . . . Spaces Dug . | . . . Terrain Destroyed . | . . . Melee . | . . . Projectile . | . . . AOE . | . . . Terrain Rammed . | . . . Walls Destroyed . | . . . Machines Disabled . | . . . Actions | -11 -10 -9 --------- Run | Yrd Mat Mat Total 879 | 87 314 478 Wait 65 | 4 30 31 Move 702 | 63 261 378 Hop . | . . . Pick Up 29 | 9 7 13 Fast Attach 4 | . . 4 Attach 20 | 6 2 12 Detach 3 | . . 3 Swap 6 | . 3 3 Drop 20 | . 4 16 Fire 30 | 5 7 18 Melee . | . . . Ram . | . . . Kick . | . . . Crush . | . . . Escape Stasis . | . . . Rewire . | . . . Trap . | . . . Miscellaneous . | . . . Route ------- -11/Scrapyard -10/Materials (discovered 3 exits: *Mat / Min x2) -9/Materials History --------- Turn | Location | Event 8 | -11/Scrapyard | Discovered new exit (range 15) 123 | -11/Scrapyard | Entered Materials 321 | -10/Materials | Build established: Mutant 355 | -10/Materials | Discovered new exit (range 18) 438 | -10/Materials | Identified exit to Mines 459 | -10/Materials | Entered another Materials area 459 | -9/Materials | Evolved 2 slots: Power x1, Propulsion x1 813 | -9/Materials | Self-destructed Last Messages --------------- Acquired 10 matter. Dropped Imp. Ion Engine. R-06 Scavenger collects Sensor Array. Dropped Ion Engine. Hover Unit destroyed. Overheating: System interference. Visual Processing Unit temporarily disabled. Assault Rifle temporarily disabled. W-16 Scout sends out distress signal. R-06 Scavenger collects Signal Interpreter. Dropped Assault Rifle. ALERT: Hostiles spotted, dispatching reinforcements to Terminal M010. R-06 Scavenger inserts Hover Unit into recycling unit. K-01 Serf cleans the Atomic Centrifuge. Acquired Plasma Cutter. K-01 Serf collects debris. Hover Unit destroyed. Plasma Cutter destroyed. Map ----- +----------------------------------------------------+ | | | | | | | | | | | | | | | | | | | | | | | | | | | | | | | | | | | | | | | | | ?????????????????##############??????????????????? | | ?????????????????# ||| #??????????????????? | | ?????????????????# """ || #??????????????????? | | ?????????????????# """ || #??????????????????? | | ?????????????????# """ g #??????????????????? | | ?????????????????# @ g #??????????????????? | | ?????????###############g###+##??????????????????? | | ?????????# # #???????????????????? | | ?????????# ! == # ####???????????????????? | | ?????????# =! + #??????????????????????? | | ?????????# # #??????????????????????? | | ?????????# # #??????????????????????? | | ?????????############?# #??????????????????????? | | ??????????????????????# #??????????????????????? | | ???????????????######## #??????????????????????? | | ???????????????# # #??????????????????????? | | ???????????????# ! ! # #??????????????????????? | | ???????????????# # #??????????????????????? | | ???????????????# "Y" # #????????????????#####?? | | ???????????????# """ + #?????????######## #?? | | ???????????????# # #?????????# # #?? | | ?????????? ############ #?????????# # #?? | | ????????? #?????????# + #?? | | ????????? #?????????# "" # #?? | | ????????? #?????????# S"" # #?? | | ?????????? #############/#######????# "" # ### | | ??????????????######## #????######## # | | ??????????????#!== !# """ #????# """ # #] | | ??????????????# !*! # "T" ##???# """ # # | | ??????????????#[ *!=# #???# """ + + S | +----------------------------------------------------+ Best States ------------- Heat Dissipation 38 Energy Generation 17 Energy Capacity 415 Matter Stores 300 Matter Capacity 300 Sight Range 18 Terrain Scan Density 10 Additional Mass Support 6 Evasion (%) 53 Recoil Reduction 2 Item Schematics ----------------- Hover Unit | -9/Materials | Scanalyzed Robot Schematics ------------------ None Fabricated ------------ Nothing Alien Tech Used ----------------- None Achievements -------------- None Challenges ------------ None Game ------ Seed FissionWeaponsHumpback Manual? 0 Play Time 00:21:11 Cumulative 24.3 hours Start 2024.04.08 @ 00:32:57 End 2024.04.08 @ 00:55:00 Sessions 1 Manual Loads 0 Difficulty Rogue Special Mode None Game No. 38 Rogue 38 Adventurer 0 Explorer 0 Win Type - Total 0 Types 0/0/0/0/0/0/0/0/0 Lore% 24 Gallery% 25 Achievement% 25 Wizard Run 0 Options --------- Layout 1 ASCII 0 Keyboard 0 Movement Mouse Keybinds 0 Fullscreen 1 Font 28/SmallcapsGlow Map View 55x47 Zoom Use 0% Tactical HUD 0 Map Filters NONE Filters NONE Steam 1 RUN: cd935b96-da64-4d6f-bf6c-7e7e8267521e